 Dungeon Crawl Stone Soup version 0.24-a0-375-g4de66ed42b (webtiles) character file.

Game seed: 12617005890482163988

3239 Nautrax the Cleaver (level 9, 0/82 HPs)
             Began as a Minotaur Abyssal Knight on May 31, 2019.
             Was an Elder of Lugonu.
             Slain by a hog (8 damage)
             ... on level 7 of the Dungeon.
             The game lasted 00:33:11 (7865 turns).

Nautrax the Cleaver (Minotaur Abyssal Knight)       Turns: 7865, Time: 00:33:12

Health: 0/82       AC:  8    Str: 20    XL:     9   Next: 67%
Magic:  9/9        EV: 14    Int:  9    God:    Lugonu [****..]
Gold:   482        SH:  0    Dex: 10    Spells: 8/8 levels left

rFire    . . .     SeeInvis .   a - +2 hand axe (flame)
rCold    . . .     Gourm    .   (no shield)
rNeg     . . .     Faith    +   b - +1 leather armour
rPois    .         Spirit   .   (helmet restricted)
rElec    .         Reflect  .   (no cloak)
rCorr    .         Harm     .   v - +2 pair of gloves
MR       .....                  (no boots)
Stlth    +.........             A - amulet of faith
HPRegen  0.23/turn              k - ring of flight
MPRegen  0.11/turn              (no ring)

@: no status effects
A: retaliatory headbutt, horns 2
a: Depart the Abyss, Bend Space, Banish, Corrupt, Renounce Religion, Evoke
Flight


You were on level 7 of the Dungeon.
You worshipped Lugonu.
Lugonu was greatly pleased with you.
You were not hungry.

You visited 1 branch of the dungeon, and saw 7 of its levels.
You visited the Abyss 1 time.
You also visited: Ossuary.

You collected 482 gold pieces.

Inventory:

Hand Weapons
 a - a +2 hand axe of flaming (weapon)
 w - a +2 mace of protection
Armour
 b - a +1 leather armour (worn)
 u - the +1 helmet of the Hills {rF+ rN+, unknown}
   (You found it on level 5 of the Dungeon)

   It protects you from fire.
   It protects you from negative energy.
 v - a +2 pair of gloves (worn)
Jewellery
 k - a ring of flight (left hand)
 n - an uncursed ring of fire
 A - an amulet of faith (around neck)
Wands
 f - a wand of iceblast (6)
Scrolls
 d - 11 scrolls of teleportation
 l - 4 scrolls of remove curse
 m - 3 scrolls of identify
 q - a scroll of enchant weapon
 s - a scroll of fear
 t - a scroll of immolation {unknown}
 x - a scroll of enchant armour
 y - a scroll of amnesia
Potions
 e - 8 potions of curing
 g - a potion of cancellation {unknown}
 h - 2 potions of brilliance {unknown}
 i - 3 potions of degeneration {unknown}
 j - 11 potions of heal wounds
 o - 3 potions of ambrosia {unknown}
 p - a potion of resistance {unknown}
 r - a potion of might {unknown}
 z - a potion of experience {unknown}
Comestibles
 c - 9 rations
 B - 2 chunks of flesh


   Skills:
 + Level 8.6 Fighting
 + Level 11.7 Axes
 + Level 5.6 Armour
 + Level 5.9 Dodging
 + Level 2.1 Invocations


You had 8 spell levels left.
You didn't know any spells.
Your spell library contained the following spells:

 Spells                   Type           Power        Failure   Level  Hunger
 Confusing Touch          Hex            #.....       43%         1    ##.....
 Corona                   Hex            #......      43%         1    ##.....
 Ensorcelled Hibernation  Hex/Ice        #.....       56%         2    ###....
 Confuse                  Hex            #.......     80%         3    ####...
 Dazzling Spray           Conj/Hex       #.....       80%         3    ####...
 Gell's Gravitas          Tloc           #.........   80%         3    ####...
 Tukima's Dance           Hex            #.......     80%         3    ####...
 Petrify                  Tmut/Erth      #.......     99%         4    #####..
 Metabolic Englaciation   Hex/Ice        #.........   100%        5    ######.
 Yara's Violent Unravell  Hex/Tmut       #.........   100%        5    ######.


Dungeon Overview and Level Annotations

Branches:
Dungeon (7/15)             Temple (0/1) D:6

Altars:
Ashenzari
Gozag
Makhleb
Okawaru
Qazlal
Ru
Uskayaw


Innate Abilities, Weirdness & Mutations

You reflexively headbutt those who attack you in melee.
You have a pair of horns on your head.


Message History

The human is almost dead.
You hit the yak but do no damage. The human closely misses you.
You hit the yak. You burn the yak.
You kill the yak!
Lugonu accepts your kill.
You hit the human. You burn the human.
You kill the human!
Lugonu accepts your kill.
You barely miss the hog. The hog bites you!
* * * LOW HITPOINT WARNING * * *
You hit the hog. You burn the hog. You headbutt the hog.
The hog is moderately wounded.
The hog closely misses you.
You hit the hog. You burn the hog.
The hog is heavily wounded.
The hog bites you but does no damage.
You closely miss the hog.
The hog is heavily wounded.
The hog bites you!
You die...

...####......##.....
#...#.#.#............
#####.###............
##..#####.#.........
##.....###.##........
###........>...........
#..>#..#...............
#######.................
#%%..Yh@.#..............
#%...†#..#..............
###'######......#.....##
#.....#.##..............
#.....#.....))).......##
#######......)###.......
#.....#.###.......
#....##..###......
#....#............


You could see a yak and a hog.

Vanquished Creatures
  Grinder (D:4)
  Sigmund (D:3)
  A human (D:7)
  A yak (D:7)
  A hog (D:7)
  Edmund (D:6)
  A black bear (D:6)
  An orc warrior (D:7)
  2 ice beasts (D:6)
  A centaur (D:7)
  An ogre (D:7)
  A bullfrog (D:6)
  6 water moccasin zombies (Ossuary)
  A scorpion (D:6)
  3 howler monkeys
  A bullfrog zombie (D:7)
  A crimson imp (D:7)
  A centaur zombie (D:4)
  4 orc priests
  A centaur skeleton (D:5)
  5 hounds
  3 bullfrog skeletons
  3 iguanas
  Natasha (D:3)
  3 orc wizards
  5 worker ants
  3 big kobold zombies (Ossuary)
  A hound zombie (D:6)
  A hound skeleton (D:4)
  2 mummies (Ossuary)
  Robin (D:4)
  A worker ant zombie (D:6)
  11 gnolls
  A howler monkey skeleton (D:5)
  5 adders
  A shadow imp (D:7)
  An adder skeleton (D:4)
  7 adder zombies
  7 worms
  6 leopard geckos
  11 orcs
  13 bats
  5 giant cockroaches
  3 gnoll zombies (Ossuary)
  15 goblins
  4 hobgoblins
  5 jackals
  5 frilled lizards
  5 hobgoblin zombies (Ossuary)
  6 kobolds
  4 kobold zombies (Ossuary)
  An orc zombie (Ossuary)
  A quokka zombie (D:7)
  5 rats
182 creatures vanquished.

Notes
Turn   | Place    | Note
-------+----------+-------------------------------------------
     0 | Abyss:1  | Nautrax the Minotaur Abyssal Knight began the quest for the
                  | Orb.
     0 | Abyss:1  | Reached XP level 1. HP: 19/19 MP: 1/1
    69 | D:1      | Escaped the Abyss
   171 | D:1      | Reached XP level 2. HP: 27/27 MP: 2/2
   457 | D:1      | Reached ** piety under Lugonu
   929 | D:2      | Reached skill level 3 in Axes
   979 | D:2      | Reached XP level 3. HP: 34/34 MP: 3/3
   991 | D:2      | Found a sacrificial altar of Ru.
  1196 | D:2      | Reached XP level 4. HP: 39/41 MP: 4/4
  1795 | D:2      | Reached skill level 5 in Fighting
  1857 | D:3      | Reached skill level 4 in Axes
  2149 | D:3      | Reached XP level 5. HP: 48/48 MP: 5/5
  2166 | D:3      | Noticed Sigmund
  2171 | D:3      | Reached *** piety under Lugonu
  2184 | D:3      | Killed Sigmund
  2184 | D:3      | Reached skill level 5 in Axes
  2184 | D:3      | Reached XP level 6. HP: 21/56 MP: 6/6
  2390 | D:3      | Found an opulent altar of Gozag.
  2449 | D:3      | Noticed Natasha
  2457 | D:3      | Killed Natasha
  2594 | D:3      | Found a hide-covered altar of Uskayaw.
  2595 | D:3      | Found a shattered altar of Ashenzari.
  2846 | D:3      | Found a burning altar of Makhleb.
  3045 | D:4      | Noticed Grinder
  3060 | D:4      | Reached skill level 6 in Axes
  3070 | D:4      | Killed Grinder
  3070 | D:4      | Reached XP level 7. HP: 16/63 MP: 7/7
  3375 | D:4      | Found an iron altar of Okawaru.
  3391 | D:4      | Reached skill level 7 in Axes
  3551 | D:4      | Noticed Robin
  3564 | D:4      | Killed Robin
  3869 | D:5      | Entered Level 5 of the Dungeon
  4307 | D:5      | Got a steaming helmet
  4365 | D:5      | Found a stormy altar of Qazlal.
  5028 | D:6      | Found a sand-covered staircase.
  5033 | Ossuary  | Entered an ossuary
  5247 | Ossuary  | Reached skill level 8 in Axes
  5255 | Ossuary  | Reached XP level 8. HP: 53/71 MP: 8/8
  5368 | Ossuary  | Reached **** piety under Lugonu
  5706 | D:6      | Reached skill level 9 in Axes
  6091 | D:6      | Reached skill level 10 in Axes
  6279 | D:6      | Reached XP level 9. HP: 52/81 MP: 9/9
  6490 | D:6      | Noticed Edmund
  6508 | D:6      | Killed Edmund
  6696 | D:6      | Reached skill level 5 in Dodging
  6705 | D:6      | Reached skill level 5 in Armour
  6710 | D:6      | Found a staircase to the Ecumenical Temple.
  7376 | D:7      | Reached skill level 11 in Axes
  7865 | D:7      | Slain by a hog

Levels and vault maps discovered:
D:1:      nagdon_arrival_double_spiral, layout_loops_ring
D:2:      layout_loops_ring, nicolae_ru_great_annihilating_truth
D:3:      layout_loops_corners, chequers_temple_overflow_statue_of_worship,
          lemuel_coloured_pillars_altar, first_ration, uniq_natasha,
          uniq_sigmund
D:4:      layout_rooms, okawaru_ov_weapons_minmay, uniq_robin, uniq_grinder
D:5:      wander_river, layout_cave_pods, kennysheep_mini
D:6:      layout_basic, minmay_temple_entry_proselytizer, enter_ossuary_5,
          st_stairs_9, chequers_serial_rivers_room_a, uniq_edmund
D:7:      layout_layer_cave, grunt_livestock

Skill      XL: |  1  2  3  4  5  6  7  8  9 |
---------------+----------------------------+-----
Fighting       | 4 5 6 7 8 |  8.6
Axes           | 3 4 5 6 8 10 11 | 11.7
Invocations    | 2 |  2.1
Armour         | 3 4 5 |  5.6
Dodging        | 2 3 4 5 |  5.9

Action                   |  1- 3 |  4- 6 |  7- 9 || total
-------------------------+-------+-------+-------++-------
Melee: Hand axe          |    76 |   110 |   400 ||   586
       Headbutt          |    13 |    18 |    78 ||   109
  Use: Scroll            |     4 |     3 |     8 ||    15
       Potion            |       |       |     1 ||     1
 Stab: Paralysed         |     4 |       |       ||     4
  Eat: Chunk             |     1 |     6 |     2 ||     9
       Ration            |       |       |     4 ||     4
Armor: Leather armour    |    30 |    27 |    81 ||   138
Dodge: Dodged            |    60 |    61 |   183 ||   304

Table legend:
 A = Non-vault XP
 B = Vault XP
 C = Vault XP percentage of total XP
 D = Non-vault monster count
 E = Vault monster count
 F = Vault count percentage of total count
                 A         B        C        D         E       F
            +---------+---------+-------+---------+---------+-------
      Total |    2357 |    2271 |  49.1 |     127 |      55 |  30.2
            +---------+---------+-------+---------+---------+-------
        D:1 |      28 |       0 |   0.0 |      18 |       0 |   0.0
        D:2 |      94 |      41 |  30.4 |      26 |       4 |  13.3
        D:3 |      66 |     277 |  80.8 |      16 |       2 |  11.1
        D:4 |     147 |     325 |  68.9 |       6 |      12 |  66.7
        D:5 |     207 |       0 |   0.0 |       9 |       0 |   0.0
        D:6 |     991 |     374 |  27.4 |      26 |       4 |  13.3
        D:7 |     824 |     608 |  42.5 |      26 |       3 |  10.3
    Ossuary |       0 |     646 | 100.0 |       0 |      30 | 100.0
            +---------+---------+-------+---------+---------+-------
